 Dungeon Crawl Stone Soup version 0.31-a0-1165-g196b491b36 (webtiles) character file.

Game seed: 3539716719846396829

433 jasper the Cudgeller (level 6, 0/59 HPs)
             Began as a Troll Berserker on Dec 9, 2023.
             Was a Priest of Trog.
             Killed by divine providence
             ... invoked by an orc priest
              (15 damage)
             ... on level 4 of the Dungeon.
             The game lasted 00:04:37 (3142 turns).

jasper the Cudgeller (Troll Berserker)              Turns: 3142, Time: 00:04:38

Health: 0/59       AC: 12    Str: 26    XL:     6   Next: 67%
Magic:  5/5        EV: 10    Int:  3    God:    Trog [***...]
Gold:   208        SH:  0    Dex: 11    Spells: 5/5 levels left

rFire   . . .        l - +0 flail (protect)
rCold   . . .        (no shield)
rNeg    . . .        b - +0 animal skin
rPois   +            (helmet restricted)
rElec   .            p - +0 cloak
rCorr   .            (gloves unavailable)
SInv    .            (boots unavailable)
Will    ++...        (no amulet)
Stlth   +            k - ring of poison resistance
HPRegen 2.09/turn    (no ring)
MPRegen 0.09/turn

%: no passive effects
@: strong-willed (expiring), under a protective aura, regenerating (expiring)
A: large, unfitting armour, claws 3, regeneration 1, shaggy fur 1, tough skin 1
a: Renounce Religion, Berserk, Trog's Hand


You were on level 4 of the Dungeon.
You worshipped Trog.
Trog was most pleased with you.
You visited 1 branch of the dungeon, and saw 4 of its levels.
You also visited: Sewer.

You collected 208 gold pieces.

Inventory:

Hand Weapons
 a - a +0 mace of protection
 l - a +0 flail of protection (weapon)
Missiles
 c - 32 stones
 h - a throwing net
 r - 3 poisoned darts
Armour
 b - a +0 animal skin (worn)
 d - the +2 hat of Vaga {rElec rN+ Regen+ Int-4}
   (You acquired it on level 2 of the Dungeon)

   Int-4:     It affects your intelligence (-4).
   rElec:     It insulates you from electricity.
   rN+:       It protects you from negative energy.
   Regen+:    It increases your rate of health regeneration.
 p - a +0 cloak (worn)
Jewellery
 k - a ring of poison resistance (left claw)
 m - a +6 ring of dexterity
Scrolls
 j - a scroll of revelation
 n - a scroll of fear
 q - a scroll of blinking
 s - a scroll of enchant weapon {unknown}
Potions
 e - a potion of lignification
 f - a potion of attraction
 g - 3 potions of might
 i - a potion of cancellation
 o - a potion of enlightenment {unknown}


   Skills:
 - Level 2.4 Fighting
 + Level 7.0 Maces & Flails
 - Level 2.4 Dodging


You had 5 spell levels left.
You didn't know any spells.
Your spell library was empty.

Dungeon Overview and Level Annotations

Branches:
Dungeon (4/15)              Sewer (visited)
 Temple: D:4-7

Altars:
Ashenzari
Elyvilon
Fedhas
Kikubaaqudgha
Trog

Shops:
D:1 =

Annotations:
D:4 1 runed translucent door, BigPumpCobain's ghost, amateur TrSh


Innate Abilities, Weirdness & Mutations

You are too large for most types of armour.
You have claws for hands.
Your natural rate of healing is unusually fast.
You are covered in fur. (AC +1)
You have tough skin. (AC +1)


Message History

Beogh smites you!
You take 10 damage, and have 35/59 hp.
The orc priest invokes the aid of Beogh against you.
Beogh smites you!
You take 11 damage, and have 24/59 hp.
The orc attacks as it pursues you! The orc hits you with a +0 club.
You take 3 damage, and have 21/59 hp.
The orc attacks as it pursues you! The orc hits you with a +0 club.
You take 1 damage, and have 22/59 hp.
The orc attacks as it pursues you! The orc hits you with a +0 club.
You take 2 damage, and have 20/59 hp.
The orc attacks as it pursues you! The orc hits you with a +0 club.
You take 1 damage, and have 20/59 hp.
Your skin crawls.
You feel strong-willed. The orc hits you but does no damage.
You regained 2 hp, and now have 22/59 hp.
You closely miss the orc.
The orc priest invokes the aid of Beogh against you.
Beogh smites you!
* * * LOW HITPOINT WARNING * * *
The orc hits you but does no damage.
You take 9 damage, and have 13/59 hp.
You hit the orc but do no damage.
Your weapon exudes an aura of protection.
The orc barely misses you.
You regained 3 hp, and now have 16/59 hp.
You barely miss the orc. The orc closely misses you.
You regained 2 hp, and now have 18/59 hp.
You hit the orc but do no damage.
The orc priest invokes the aid of Beogh against you.
Beogh smites you!
* * * LOW HITPOINT WARNING * * *
You take 7 damage, and have 11/59 hp.
You regained 2 hp, and now have 13/59 hp.
You closely miss the orc.
You feel the effects of Trog's Hand fading.
The orc priest mumbles some strange prayers to Beogh against you.
Beogh smites you!
You die...

#+##.#######.###....
#..............#....
+..............#....
#..............#....
########+###....##...##..##
...........#....##########
.......o...#.....#
...........#.....#
...........#..@..#
......)o...##o#o.#
....##'##...oo.### .
#.....h# #......# #......#
#......# ########


You could see an orc priest and 3 orcs.

Vanquished Creatures
  2 bullfrogs (Sewer)
  A scorpion (D:4)
  Terence (D:3)
  Natasha (thrice) (D:2)
  3 gnolls (D:3)
  4 adders
  A dart slug (D:1)
  5 orcs
  7 ball pythons
  2 endoplasms
  10 giant cockroaches
  4 goblins
  A hobgoblin (D:2)
  4 jackals (D:3)
  13 quokkas
  10 frilled lizards
  4 kobolds
  4 rats
79 creatures vanquished.

Notes
Turn   | Place    | Note
-------+----------+-------------------------------------------
     0 | D:1      | jasper the Troll Berserker began the quest for the Orb.
     0 | D:1      | Reached XP level 1. HP: 22/22 MP: 0/0
    50 | D:1      | Found Tibb's Jewellery Boutique.
    70 | D:1      | Reached skill level 3 in Maces & Flails
   231 | D:1      | Reached XP level 2. HP: 29/29 MP: 1/1
  1086 | D:2      | Noticed Natasha
  1095 | D:2      | Killed Natasha
  1096 | D:2      | Reached skill level 4 in Maces & Flails
  1096 | D:2      | Reached XP level 3. HP: 35/36 MP: 2/2
  1172 | D:2      | Noticed Natasha
  1183 | D:2      | Killed Natasha
  1184 | D:2      | Reached XP level 4. HP: 40/44 MP: 3/3
  1212 | D:2      | Noticed Natasha
  1225 | D:2      | Killed Natasha
  1330 | D:2      | Found a broken altar of Ashenzari.
  1488 | D:2      | Identified a scroll of acquirement
  1488 | D:2      | Acquired the +2 hat of Vaga {rElec rN+ Regen+ Int-4}
  1530 | D:3      | Reached skill level 5 in Maces & Flails
  1659 | D:3      | Noticed Terence
  1674 | D:3      | Killed Terence
  1675 | D:3      | Reached XP level 5. HP: 45/50 MP: 4/4
  1760 | D:3      | Reached ** piety under Trog
  2011 | D:3      | Found a blossoming altar of Fedhas.
  2012 | D:3      | Found an ancient bone altar of Kikubaaqudgha.
  2046 | D:3      | Found a white marble altar of Elyvilon.
  2046 | D:3      | Found a bloodstained altar of Trog.
  2065 | D:3      | Found a faded altar of an unknown god.
  2347 | D:4      | Found a runed translucent door.
  2393 | D:4      | Noticed BigPumpCobain's ghost (amateur TrSh)
  2412 | D:4      | Reached skill level 6 in Maces & Flails
  2493 | D:4      | Found a glowing drain.
  2534 | Sewer    | Entered a sewer
  2562 | Sewer    | Reached XP level 6. HP: 59/59 MP: 5/5
  2688 | Sewer    | Reached *** piety under Trog
  2805 | Sewer    | Reached skill level 7 in Maces & Flails
  3142 | D:4      | Killed from afar by an orc priest

Illustrated notes

Levels and vault maps discovered:
D:1:      roderic_octagonal_star, layout_loops_cross, serial_shops, shop
D:2:      layout_loops_ring, basic_altar, st_stairs_13, minmay_ruptured,
          uniq_natasha
D:3:      layout_loops_ring, grunt_temple_overflow_growth_and_decay,
          chequers_temple_overflow_statue_of_worship,
          hellmonk_ecumenical_altar_heavens_door, uniq_terence
D:4:      layout_gridville, minitemple, gup_sewer_entry_pipe,
          ebering_ghost_sewer_d, kennysheep_generic_room_9

Skill      XL: |  1  2  3  4  5  6 |
---------------+-------------------+-----
Maces & Flails | 3 4 5 6 7 |  7.0
Fighting       | |  2.4
Dodging        | |  2.4

Action                     |  1- 3 |  4- 6 || total
---------------------------+-------+-------++-------
  Melee: Mace              |    49 |    42 ||    91
         Flail             |       |   180 ||   180
         Punch             |       |     3 ||     3
 Invoke: Trog's Hand       |       |     1 ||     1
    Use: Scroll            |     3 |     9 ||    12
   Stab: Distracted        |       |     1 ||     1
         Sleeping          |       |     1 ||     1
 Armour: Animal skin       |    24 |   218 ||   242
  Dodge: Dodged            |    26 |   144 ||   170

Table legend: (Time is in decaauts)
 A = Elapsed time spent in this place.
 B = Non-inter-level travel time spent in this place.
 C = Inter-level travel time spent in this place.
 D = Time resting spent in this place.
 E = Time spent auto-exploring this place.
 F = Levels seen in this place.
 G = Mean time per level.
                   A        B        C        D        E       F      G
               +--------+--------+--------+--------+--------+-----+--------+
         Total |   3174 |   3042 |    132 |    100 |   2197 |   5 |  634.8 |
       Dungeon |   2667 |   2535 |    132 |    100 |   1929 |   4 |  666.8 |
         Sewer |    507 |    507 |      0 |      0 |    268 |   1 |  507.0 |
               +--------+--------+--------+--------+--------+-----+--------+

Top non-repeatable levels by time:
     D:1: 829 daAuts
     D:3: 758 daAuts
     D:2: 704 daAuts
   Sewer: 507 daAuts
     D:4: 375 daAuts
